 Dungeon Crawl Stone Soup version 0.29-a0-816-g82769f0e0c (webtiles) character file.

Game seed: 14805895072464633946

11 Morbidden the Sneak (level 2, 17/22 HPs)
             Began as a Demonspawn Brigand on July 5, 2022.
             Quit the game on level 1 of the Dungeon.
             The game lasted 00:00:15 (27 turns).

Morbidden the Sneak (Demonspawn Brigand)              Turns: 27, Time: 00:00:15

Health: 17/22      AC:  3    Str: 11    XL:     2   Next: 17%
Magic:  2/2        EV: 11    Int: 12    God:
Gold:   0          SH:  0    Dex: 14    Spells: 1/1 levels left

rFire   . . .      SeeInvis .   a - +2 dagger
rCold   . . .      Faith    .   (no shield)
rNeg    . . .      Spirit   .   b - +0 robe
rPois   .          Reflect  .   (no helmet)
rElec   .          Harm     .   c - +0 cloak
rCorr   .          Rampage  .   (no gloves)
Will    .....                   (no boots)
Stlth   +++.......              (no amulet)
HPRegen 0.07/turn               (no ring)
MPRegen 0.08/turn               (no ring)

@: no status effects
A: ignite blood 1
a: no special abilities


You were on level 1 of the Dungeon.
You visited 1 branch of the dungeon, and saw 1 of its levels.

Inventory:

Hand Weapons
 a - a +2 dagger (weapon)
Missiles
 d - 9 poisoned darts (quivered)
 e - 3 curare-tipped darts
Armour
 b - a +0 robe (worn)
 c - a +0 cloak (worn)
 g - a +0 pair of boots
Jewellery
 f - an amulet of faith


   Skills:
 * Level 2.1 Fighting
 * Level 1.8 Short Blades
 + Level 1.8 Throwing
 * Level 1.0 Dodging
 + Level 3.9 Stealth
 * Level 0.2 Spellcasting


You had one spell level left.
You didn't know any spells.
Your spell library was empty.

Dungeon Overview and Level Annotations

Branches:
Dungeon (1/15)

Altars:


Innate Abilities, Weirdness & Mutations

Your demonic aura sometimes causes spilled blood to erupt in flames.


Message History

Found a blackened bone amulet.
Found a staircase leading out of the dungeon.
f - an amulet of faith
Okay, then.
Found a pair of boots.
No target in view!
A gnoll comes into view. It is wielding a +0 whip.
A gnoll is nearby!
A bat comes into view.
There are monsters nearby!
The bat barely misses you.
There are monsters nearby!
You barely miss the bat. The bat hits you but does no damage.
You hit the bat but do no damage. The bat hits you.
You hit the gnoll.
The gnoll is heavily wounded.
The bat hits you. The gnoll hits you with a +0 whip.
You hit the gnoll.
The gnoll is severely wounded.
The bat hits you but does no damage. The gnoll closely misses you.
You hit the gnoll.
You kill the gnoll!
The bat barely misses you.
Your Dodging skill increases to level 1!
You have reached level 2!
Your demonic ancestry asserts itself...
Your blood heats up.
The bat hits you but does no damage. The bat closely misses you.
You barely miss the bat. The bat hits you but does no damage.
The bat hits you but does no damage. The bat hits you.
The bat hits you but does no damage. The bat hits you but does no damage.
You hit the bat.
You kill the bat!
No target in view!
No target in view!
No target in view!
You see here a +0 pair of boots.
g - a +0 pair of boots Are you sure you want to abandon this character and quit the game? (Confirm with "yes".)

#######+###
#.........######
#..............#
#..............#
#.........$...
#.....@.......
#.......).####
#.........#
##.........#
...........###
♣♣♣♣♣♣♣♣♣..#
♣PP..PP..♣.#
♣PP..P...♣.#
♣..PP...P♣.#


There were no monsters in sight!

Vanquished Creatures
  A gnoll (D:1)
  A bat (D:1)
2 creatures vanquished.

Notes
Turn   | Place    | Note
-------+----------+-------------------------------------------
     0 | D:1      | Morbidden the Demonspawn Brigand began the quest for the
                  | Orb.
     0 | D:1      | Reached XP level 1. HP: 16/16 MP: 1/1
    18 | D:1      | Reached skill level 1 in Dodging
    18 | D:1      | Gained mutation: Your demonic aura sometimes causes spilled
                  | blood to erupt in flames. [demonic ancestry]
    18 | D:1      | Reached XP level 2. HP: 17/22 MP: 2/2
    27 | D:1      | Quit the game

Illustrated notes

Levels and vault maps discovered:
D:1:      scummos_arrival_checkerplants, layout_basic,
          shapermc_ecumenical_altar_venn, serial_shops,
          nicolae_shop_advertising_works [nicolae_subvault_shop_adworks],
          ebering_dispersal_statue_hall, minmay_misc_feat_five

Skill      XL: |  1 |
---------------+----+-----
Dodging        | 1 |  1.0
Fighting       | |  2.1
Short Blades   | |  1.8
Throwing       | |  1.8
Stealth        | |  3.9
Spellcasting   | |  0.2

Action                   || total
-------------------------++-------
Melee: Dagger            ||     7
Armor: Robe              ||     7
Dodge: Dodged            ||     4

Table legend: (Time is in decaauts)
 A = Elapsed time spent in this place.
 B = Non-inter-level travel time spent in this place.
 C = Inter-level travel time spent in this place.
 D = Time resting spent in this place.
 E = Time spent auto-exploring this place.
 F = Levels seen in this place.
 G = Mean time per level.
                   A        B        C        D        E       F      G
               +--------+--------+--------+--------+--------+-----+--------+
         Total |     26 |     26 |      0 |      0 |      7 |   1 |   26.0 |
       Dungeon |     26 |     26 |      0 |      0 |      7 |   1 |   26.0 |
               +--------+--------+--------+--------+--------+-----+--------+

Top non-repeatable levels by time:
     D:1: 26 daAuts
